Map: New Repugnancy LE

Players

Bushman

  • Race: Zerg Zerg
  • League: Silver
  • Spawn Location: 7:00

TiPtOP - Winner!

  • Race: Terran Terran
  • League: Silver
  • Spawn Location: 1:00

VOD

Have the link to the VOD?

Description

Time

  • Played on: Aug. 18, 2019, 12:13 a.m.
  • Length: 23:22
Show
View Real Time Build Order
Export as new Build Order

Bushman Zerg 

Build Orders: Pool First 

Get SALT Encoding   

  12  0:01  Drone  
  13  0:14  Overlord  
  13  0:17  Drone  
  14  0:33  Drone x2  
  16  0:44  Spawning Pool  
  16  0:47  Drone  
  16  1:14  Drone  
  16  1:15  Drone x2  
  19  1:18  Extractor  
  19  1:24  Hatchery  
  17  1:31  Queen  
  19  1:35  Drone  
  19  1:38  Drone  
  21  1:53  Overlord  
  21  2:07  Zergling x2  
  22  2:31  Queen  
  22  2:35  Drone x3  
  27  2:43  Metabolic Boost  
  27  2:54  Zergling x4  
  27  2:56  Drone x3  
  32  3:04  Queen  
  34  3:17  Baneling Nest  
  34  3:19  Overlord  
  33  3:22  Drone x3  
  36  3:30  Lair  
  36  3:46  Overlord x2  
  36  3:48  Drone x7  
  43  4:30  Drone  
  43  4:31  Drone x5  
  49  4:43  Infestation Pit  
  48  4:50  Drone x3  
  51  4:53  Hatchery  
  51  4:55  Centrifical Hooks  
  50  5:06  Extractor  
  49  5:07  Zergling x4, Extractor  
  49  5:08  Zergling x4  
  52  5:29  Drone  
  52  5:30  Drone x3  
  56  5:55  Queen  
  56  5:56  Pneumatized Carapace  
  58  6:02  Drone x2  
  60  6:05  Overlord x4  
  60  6:24  Drone x2  
  60  6:25  Drone  
  63  6:33  Drone x2  
  65  6:43  Evolution Chamber  
  65  6:45  Spine Crawler  
  63  6:48  Baneling x3  
  63  6:55  Hive  
  63  7:00  Drone x11  
  74  7:11  Overseer  
  74  7:18  Spore Crawler  
  74  7:21  Spore Crawler  
  72  7:22  Spore Crawler  
  72  7:28  Spine Crawler  
  70  7:43  Zerg Melee Weapons Level 1  
  70  7:53  Evolution Chamber  
  70  7:57  Queen  
  71  8:01  Zergling x24  
  83  8:06  Baneling  
  83  8:07  Baneling x10  
  83  8:29  Drone x6  
  89  8:39  Hatchery  
  88  8:47  Ultralisk Cavern  
  87  8:50  Zerg Ground Armor Level 1  
  87  9:15  Drone, Extractor  
  87  9:16  Drone x8  
  95  9:21  Extractor  
  94  9:32  Queen  
  96  9:43  Zergling x6  
  98  9:46  Adrenal Glands  
  98  9:49  Chitinous Plating  
  98  9:54  Zerg Melee Weapons Level 2  
  98  10:12  Drone x6  
  104  10:15  Overlord x3  
  104  10:16  Overlord x6  
  104  10:17  Overlord  
  104  10:21  Overseer  
  104  11:07  Anabolic Synthesis  
  104  11:24  Zergling x12  
  104  11:25  Zergling x40  
  130  11:42  Ultralisk x4  
  130  11:43  Ultralisk  
  160  11:55  Hydralisk Den  
  160  11:58  Zerg Ground Armor Level 2  
  159  12:46  Hydralisk x12  
  159  12:51  Hatchery  
  182  12:53  Muscular Augments  
  182  12:56  Zerg Melee Weapons Level 3  
  182  13:01  Overlord x3  
  182  13:02  Overlord x2  
  182  13:34  Baneling x4  
  182  13:35  Baneling x15  
  180  14:04  Grooved Spines  
  173  14:16  Zergling x2  
  144  14:17  Zergling x32  
  144  14:18  Zergling x46  
  181  14:33  Zergling x26  
  194  14:45  Zerg Ground Armor Level 3  
  194  14:47  Zergling x12  
  146  15:39  Zergling x2  
  146  15:40  Zergling x44  
  163  16:05  Hatchery  
  163  16:08  Extractor  
  161  16:12  Extractor  
  161  16:16  Spire  
  159  16:19  Zerg Missile Weapons Level 1  
  159  16:25  Ultralisk x3  
  150  17:02  Zergling x2  
  150  17:03  Zergling x26  
  164  17:11  Queen  
  166  17:30  Queen  
  168  17:38  Zergling x2  
  168  17:39  Zergling x32  
  185  18:25  Drone  
  185  18:26  Drone x6  
  192  18:29  Corruptor  
  192  18:30  Corruptor x2  
  196  18:41  Greater Spire  
  162  19:11  Zergling x2  
  162  19:12  Zergling x28  
  177  19:36  Zergling x2  
  177  19:37  Zergling x16  
  178  20:17  Ultralisk x2  
  178  20:18  Ultralisk  
  194  20:24  Hydralisk  
  194  20:25  Hydralisk x2  
  200  21:02  Zerg Flyer Weapons Level 1  
  185  21:30  Baneling x6  
  185  21:31  Baneling x12  
  142  21:59  Zergling x2  
  142  22:00  Zergling x34  
  77  22:36  Ultralisk x2  
  77  22:37  Ultralisk  
  97  22:54  Spawning Pool  
Show
View Real Time Build Order
Export as new Build Order

TiPtOP Terran - Winner!

Build Orders: Mech 

Get SALT Encoding   

  12  0:00  SCV  
  13  0:13  SCV  
  14  0:18  Supply Depot  
  14  0:25  SCV  
  15  0:40  SCV  
  15  0:41  Barracks  
  16  0:47  Refinery  
  16  0:59  SCV  
  17  1:24  Command Center  
  17  1:30  Marine  
  18  1:40  Orbital Command  
  18  1:52  Supply Depot  
  18  2:05  Factory  
  18  2:13  Barracks Tech Lab  
  18  2:26  SCV  
  19  2:33  Refinery  
  19  2:38  SCV  
  20  2:45  Supply Depot  
  20  2:59  SCV  
  20  3:02  Orbital Command  
  20  3:03  Siege Tank  
  24  3:13  SCV  
  25  3:20  Supply Depot  
  25  3:31  SCV  
  26  3:42  Supply Depot  
  26  3:46  Siege Tank  
  29  3:56  Factory  
  29  4:01  Armory  
  30  4:02  SCV  
  30  4:03  SCV  
  30  4:05  Supply Depot  
  31  4:22  Command Center  
  31  4:23  Siege Tank  
  34  4:35  SCV  
  34  4:38  SCV  
  36  4:39  Engineering Bay  
  36  4:48  SCV  
  37  4:56  SCV  
  38  5:00  SCV  
  38  5:02  Factory Reactor  
  38  5:05  Factory  
  39  5:08  SCV  
  40  5:24  SCV  
  40  5:25  SCV  
  42  5:31  Refinery  
  42  5:35  Refinery  
  42  5:36  SCV, Terran Vehicle Weapons Level 1  
  42  5:37  SCV  
  42  5:38  Orbital Command  
  44  5:45  Factory  
  44  5:46  Hellion x2  
  44  5:48  SCV  
  44  5:49  SCV  
  50  6:01  SCV  
  51  6:14  Orbital Command  
  51  6:19  Command Center  
  51  6:25  SCV  
  51  6:26  SCV  
  51  6:30  Hellion x2  
  57  6:34  Factory Tech Lab  
  57  6:35  Factory Tech Lab  
  57  6:38  SCV x2  
  59  6:44  Factory  
  59  6:46  Missile Turret  
  59  6:50  SCV  
  59  6:53  Missile Turret  
  60  6:59  SCV  
  61  7:01  Missile Turret  
  61  7:04  Hellion x2  
  61  7:05  Missile Turret  
  65  7:11  SCV  
  66  7:20  Thor x2  
  78  7:23  SCV x3  
  81  7:31  Hellion x2  
  81  7:35  SCV  
  86  7:45  SCV x2  
  88  8:03  Thor  
  94  8:07  Thor  
  100  8:19  Hellion  
  104  8:20  Hellion  
  104  8:23  Refinery  
  104  8:24  SCV x3  
  107  8:33  Refinery  
  107  8:36  SCV  
  108  8:52  Supply Depot  
  108  8:53  Supply Depot  
  108  8:54  Supply Depot  
  108  8:55  Supply Depot  
  108  9:09  Orbital Command  
  108  9:13  Thor  
  108  9:14  SCV x2  
  108  9:15  Thor, SCV  
  127  9:17  Hellion x2  
  127  9:26  SCV x2  
  127  9:27  SCV  
  130  9:38  Hellion, SCV x2  
  132  9:48  SCV  
  132  9:50  SCV  
  132  9:52  Hellion  
  136  9:59  Hellion  
  138  10:00  SCV  
  139  10:12  SCV  
  140  10:25  Supply Depot x2  
  140  10:36  Supply Depot  
  140  10:38  Supply Depot x2  
  140  10:41  Supply Depot  
  140  10:42  Armory  
  140  10:46  Thor, SCV  
  140  10:47  Hellion, Thor  
  155  10:50  Missile Turret  
  155  10:55  Terran Vehicle And Ship Armor Level 1  
  155  10:56  Infernal Pre-Igniter  
  155  10:58  SCV, Smart Servos  
  156  11:06  Refinery  
  156  11:11  Refinery  
  156  11:17  Hellion x2  
  160  11:26  Factory  
  160  11:29  Thor  
  160  11:30  Thor  
  160  11:32  Factory  
  172  11:38  Hellion x2  
  176  11:59  Hellion  
  176  12:00  Hellion  
  180  12:12  Thor  
  186  12:20  Terran Vehicle Weapons Level 2  
  186  12:28  Supply Depot x2  
  186  12:38  Command Center  
  186  12:45  Factory Tech Lab  
  186  12:46  Factory Reactor  
  186  12:47  Hellion x2  
  186  12:49  Thor x2, Factory Tech Lab  
  198  12:51  Supply Depot  
  198  12:53  Supply Depot  
  198  12:58  Command Center  
  198  13:14  Supply Depot  
  196  13:59  SCV  
  195  14:08  Command Center  
  193  14:11  SCV  
  166  14:18  Thor x4  
  166  14:19  Hellion  
  166  14:20  Hellion x3  
  198  14:31  Hellion  
  200  14:34  Drilling Claws  
  200  15:05  Command Center  
  200  15:07  Missile Turret  
  174  15:28  Refinery  
  132  15:30  Planetary Fortress  
  132  15:37  Neosteel Armor  
  132  15:42  Hellion x4, Thor x5  
  160  15:53  Refinery  
  160  15:58  Planetary Fortress  
  160  16:03  Hellion x2, Hellbat  
  166  16:10  Hellion  
  168  16:21  Sensor Tower  
  168  16:24  Hellion  
  168  16:25  Hellion x2, Thor x4  
  186  16:26  Hellion  
  170  17:08  Thor x3  
  188  17:13  Missile Turret  
  188  17:17  Command Center  
  188  17:25  Thor x2  
  188  17:28  Command Center  
  200  17:36  Missile Turret  
  190  17:45  Terran Vehicle Weapons Level 3  
  190  17:46  Terran Vehicle And Ship Armor Level 2  
  190  18:16  Refinery  
  190  18:20  Refinery  
  190  18:23  Refinery  
  190  18:45  Thor  
  128  19:08  Hellion x7  
  128  19:09  Hellion  
  144  19:16  Planetary Fortress  
  144  19:29  Hellion x6, Missile Turret  
  144  19:30  Hellion x3  
  162  19:34  Missile Turret  
  162  19:35  Missile Turret  
  162  19:50  Hellion x2  
  166  20:03  Planetary Fortress  
  159  20:16  Hellion  
  159  20:17  Hellion x3, Thor  
  159  20:18  Thor x2  
  185  20:33  SCV x2  
  185  20:34  SCV x2  
  189  21:31  Thor  
  195  21:33  Hellbat x2  
  169  22:06  Missile Turret  
  169  22:07  Refinery  
  161  22:09  Command Center  
  161  22:11  Missile Turret  
  161  22:12  Refinery  
  161  22:14  Thor x3  
  161  22:15  Hellion x5  
  189  22:30  SCV  
  189  22:31  SCV x2  
  189  22:32  SCV x3  
  195  22:42  SCV  
  196  22:55  SCV  
  197  23:07  SCV  
Tags
 
Composition
Mech
Matchup
TvZ
Opening
Pool First
Spawn Locations
Cross Positions
Add a new tag
Caveats
  • Supply blocks, unpowered buildings, or Contaminate may cause inaccurate times.
  • Supply counts are checked every 10 seconds.